[ AOE2 MATCH · #478567698 ]
UnrankedCelts vs Dravidians
[ REPLAY ANALYSIS · EXTRACTED FROM THE RECORDED GAME ]
Feudal
5:29
Castle
7:48
Imperial
9:53
| APM avg | 113.6 |
| APM peak | 450 |
| eAPM avg | 110.9 |
| Villagers / military | 45 / 1 |
Focus
⚔️ 0.7% · 🌾 99.3%
Mangonel ×1
Feudal
4:37
Castle
6:51
Imperial
9:00
| APM avg | 142.7 |
| APM peak | 560 |
| eAPM avg | 139.9 |
| Villagers / military | 22 / 57 |
Focus
⚔️ 1.6% · 🌾 98.4%
Mangonel ×56 · Battering Ram ×1
Feudal
5:34
Castle
10:14
Imperial
—
| APM avg | 17.7 |
| APM peak | 45 |
| eAPM avg | 16.4 |
| Villagers / military | 31 / 0 |
Focus
⚔️ 12.7% · 🌾 87.3%
Feudal
5:16
Castle
8:12
Imperial
11:58
| APM avg | 173.4 |
| APM peak | 580 |
| eAPM avg | 171.9 |
| Villagers / military | 40 / 3 |
Focus
⚔️ 2.3% · 🌾 97.7%
Mangonel ×3
Feudal
5:14
Castle
8:18
Imperial
—
| APM avg | 17.3 |
| APM peak | 34 |
| eAPM avg | 14.6 |
| Villagers / military | 42 / 2 |
Focus
⚔️ 5.9% · 🌾 94.1%
Mangonel ×2
Feudal
7:07
Castle
12:44
Imperial
—
| APM avg | 9.3 |
| APM peak | 19 |
| eAPM avg | 9.2 |
| Villagers / military | 23 / 0 |
Focus
⚔️ 0.0% · 🌾 100.0%
Feudal
5:38
Castle
11:47
Imperial
—
| APM avg | 15.5 |
| APM peak | 26 |
| eAPM avg | 14.4 |
| Villagers / military | 32 / 0 |
Focus
⚔️ 1.3% · 🌾 98.7%
Feudal
6:14
Castle
11:36
Imperial
—
| APM avg | 14.7 |
| APM peak | 41 |
| eAPM avg | 13.0 |
| Villagers / military | 33 / 0 |
Focus
⚔️ 4.0% · 🌾 96.0%
Match map
Initial resources + every placement click. Lines = walls · curves = elevation contours. ◆ gold · ⬟ stone · ● berries · ✦ relic · ◌ wall gap
Your base· ✓ Map-separated
OldManofStorr's base· ✓ Map-separated
Bryce Coolguy's base· ✓ Map-separated
Kalervo Jankko's base· ✓ Map-separated
moabishere's base· ✓ Map-separated
sppd3181's base· ✓ Map-separated
cr717's base· ✓ Map-separated
Lozzer's base· ✓ Map-separated
Smoothed initial terrain · ◌ = detected wall gap · hover for details
Inputs per minute
— TheCobra - - OldManofStorr
Build order — TheCobra
88 actions detected in the replay
| 0:01 | Create | Villager (Male) ×4 |
| 0:07 | Build | House |
| 0:09 | Build | Mill |
| 0:31 | Build | Mule Cart |
| 0:43 | Build | Farm |
| 0:46 | Build | Farm |
| 0:58 | Build | Farm |
| 1:24 | Create | Villager (Male) |
| 1:44 | Build | Farm |
| 2:08 | Create | Villager (Male) |
| 2:09 | Create | Villager (Male) |
| 2:10 | Build | Farm |
| 2:42 | Create | Villager (Male) |
| 2:42 | Create | Villager (Male) |
| 2:46 | Build | Farm |
| 2:49 | Build | Farm |
| 2:59 | Create | Villager (Male) |
| 2:59 | Create | Villager (Male) |
| 3:07 | Build | Farm |
| 3:28 | Build | Farm |
| 4:25 | Research | Feudal Age |
| 4:25 | Create | Villager (Male) |
| 5:08 | Create | Villager (Male) |
| 5:08 | Create | Villager (Male) |
| 5:13 | Build | House |
| 5:29 | Age | Feudal Age |
| 5:31 | Build | Market |
| 5:38 | Build | Blacksmith |
| 5:45 | Research | Double-Bit Axe |
| 5:46 | Research | Tech 1687 |
| 5:46 | Research | Tech 1688 |
| 5:59 | Create | Villager (Male) |
| 6:27 | Research | Castle Age |
| 6:27 | Create | Villager (Male) |
| 6:28 | Create | Villager (Male) |
| 7:48 | Age | Castle Age |
| 8:05 | Build | Siege Workshop |
| 8:13 | Build | Monastery |
| 8:27 | Research | Imperial Age |
| 8:35 | Build | Farm |
| 8:48 | Build | Town Center |
| 9:01 | Create | Villager (Male) |
| 9:07 | Build | Farm |
| 9:23 | Create | Mangonel |
| 9:31 | Build | Mule Cart |
| 9:33 | Create | Villager (Male) |
| 9:34 | Create | Villager (Male) |
| 9:34 | Create | Villager (Male) |
| 9:35 | Create | Villager (Male) |
| 9:36 | Create | Villager (Male) |
| 9:53 | Age | Imperial Age |
| 9:54 | Research | Guilds |
| 10:20 | Create | Villager (Male) |
| 10:20 | Create | Villager (Male) |
| 10:43 | Research | Coinage |
| 10:46 | Research | Bow Saw |
| 10:47 | Research | Tech 1691 |
| 10:47 | Research | Tech 1692 |
| 11:02 | Build | Castle |
| 11:08 | Build | Farm |
| 11:22 | Research | Banking |
| 11:37 | Research | Wheelbarrow |
| 11:38 | Research | Tech 1699 |
| 11:38 | Research | Tech 1700 |
| 11:40 | Research | Town Watch |
| 11:40 | Research | Tech 1612 |
| 11:41 | Research | Tech 1613 |
| 11:41 | Research | Tech 1613 |
| 11:43 | Create | Villager (Male) ×5 |
| 12:23 | Research | Furor Celtica |
| 12:23 | Research | Tech 1608 |
| 12:25 | Research | Stronghold |
| 12:25 | Research | Tech 1770 |
| 12:26 | Research | Tech 1771 |
| 12:26 | Research | Tech 1771 |
| 12:27 | Research | Elite Woad Raider (upgrade) |
| 12:28 | Research | Conscription |
| 12:28 | Research | Tech 1733 |
| 12:29 | Research | Spies/Treason |
| 12:30 | Research | Tech 1734 |
| 13:22 | Build | Barracks |
| 13:24 | Build | Blacksmith |
| 13:30 | Create | Villager (Male) ×5 |
| 13:30 | Create | Villager (Male) ×5 |
| 13:31 | Create | Villager (Male) ×5 |
| 13:38 | Build | University |
| 13:41 | Build | Blacksmith |
| 13:42 | Build | Blacksmith |
Build order — OldManofStorr
81 actions detected in the replay
| 0:00 | Create | Villager (Male) |
| 0:01 | Create | Villager (Male) |
| 0:01 | Create | Villager (Male) |
| 0:03 | Build | Mill |
| 0:04 | Build | House |
| 0:06 | Create | Villager (Male) |
| 0:36 | Build | Farm |
| 0:54 | Build | Farm |
| 1:09 | Build | Farm |
| 1:27 | Build | Farm |
| 1:38 | Build | Farm |
| 1:46 | Create | Villager (Male) |
| 2:14 | Build | Farm |
| 2:23 | Create | Villager (Male) |
| 2:36 | Build | Farm |
| 2:43 | Create | Villager (Male) |
| 3:07 | Create | Villager (Male) |
| 3:13 | Build | Mule Cart |
| 3:19 | Build | Mule Cart |
| 3:40 | Build | Mule Cart |
| 3:45 | Research | Feudal Age |
| 4:12 | Build | Farm |
| 4:18 | Create | Villager (Male) |
| 4:19 | Create | Villager (Male) |
| 4:37 | Age | Feudal Age |
| 4:39 | Build | Market |
| 4:41 | Build | Blacksmith |
| 4:44 | Build | Farm |
| 4:48 | Research | Double-Bit Axe |
| 4:49 | Research | Tech 1687 |
| 4:54 | Research | Tech 1688 |
| 5:03 | Create | Villager (Male) |
| 5:15 | Build | Farm |
| 5:27 | Build | Farm |
| 5:47 | Research | Castle Age |
| 6:51 | Age | Castle Age |
| 7:02 | Build | Siege Workshop |
| 7:08 | Build | Monastery |
| 7:14 | Research | Town Watch |
| 7:14 | Research | Tech 1612 |
| 7:15 | Research | Tech 1613 |
| 7:16 | Create | Villager (Male) |
| 7:17 | Research | Bow Saw |
| 7:18 | Research | Tech 1691 |
| 7:18 | Research | Tech 1692 |
| 7:37 | Research | Imperial Age |
| 7:49 | Build | Farm |
| 7:49 | Create | Battering Ram |
| 7:52 | Create | Mangonel |
| 7:52 | Create | Mangonel |
| 7:53 | Create | Mangonel |
| 8:46 | Build | Siege Workshop |
| 8:59 | Create | Villager (Male) ×5 |
| 8:59 | Create | Villager (Male) ×5 |
| 9:00 | Age | Imperial Age |
| 9:04 | Research | Onager (upgrade) |
| 9:23 | Research | Siege Onager (upgrade) |
| 9:24 | Create | Mangonel ×5 |
| 9:51 | Build | Castle |
| 10:20 | Create | Mangonel ×5 |
| 10:20 | Create | Mangonel ×5 |
| 10:21 | Create | Mangonel |
| 10:32 | Create | Mangonel ×5 |
| 10:32 | Create | Mangonel ×5 |
| 10:32 | Create | Mangonel ×5 |
| 10:33 | Create | Mangonel ×4 |
| 10:43 | Build | University |
| 10:57 | Build | Mill |
| 11:03 | Research | Nomads |
| 11:12 | Research | Drill |
| 11:13 | Research | Tech 1609 |
| 11:23 | Create | Mangonel ×3 |
| 11:33 | Build | House |
| 11:34 | Build | House |
| 11:36 | Build | House |
| 11:40 | Build | House |
| 12:16 | Research | Siege Engineers |
| 13:36 | Create | Mangonel ×5 |
| 13:37 | Create | Mangonel ×5 |
| 13:37 | Create | Mangonel ×5 |
| 13:40 | Research | Ballistics |
Build order — Bryce Coolguy
90 actions detected in the replay
| 0:03 | Create | Villager (Male) |
| 0:04 | Create | Villager (Male) |
| 0:08 | Build | Mill |
| 0:12 | Build | House |
| 0:34 | Create | Villager (Male) |
| 0:35 | Create | Villager (Male) |
| 0:47 | Build | Farm |
| 1:15 | Build | Farm |
| 1:31 | Build | Farm |
| 1:50 | Create | Villager (Male) |
| 2:05 | Build | Farm |
| 2:14 | Create | Villager (Male) |
| 2:28 | Build | Farm |
| 2:29 | Create | Villager (Male) |
| 2:30 | Create | Villager (Male) |
| 2:47 | Create | Villager (Male) |
| 2:54 | Create | Villager (Male) |
| 3:07 | Build | Farm |
| 3:22 | Build | Lumber Camp |
| 3:39 | Build | Farm |
| 4:42 | Research | Feudal Age |
| 5:28 | Create | Villager (Male) |
| 5:34 | Age | Feudal Age |
| 5:36 | Research | Double-Bit Axe |
| 5:38 | Research | Tech 1625 |
| 5:38 | Research | Tech 1625 |
| 5:38 | Research | Tech 1624 |
| 5:39 | Research | Tech 1624 |
| 5:39 | Research | Horse Collar |
| 5:39 | Research | Horse Collar |
| 5:43 | Build | Market |
| 5:58 | Create | Villager (Male) |
| 6:01 | Research | Wheelbarrow |
| 6:02 | Research | Wheelbarrow |
| 6:02 | Research | Tech 1699 |
| 6:02 | Research | Tech 1699 |
| 6:03 | Research | Tech 1700 |
| 6:03 | Research | Tech 1700 |
| 6:05 | Create | Villager (Male) |
| 6:06 | Create | Villager (Male) |
| 6:06 | Create | Villager (Male) |
| 6:19 | Build | Farm |
| 6:29 | Create | Villager (Male) |
| 6:29 | Create | Villager (Male) |
| 6:42 | Research | Tech 1687 |
| 6:42 | Research | Tech 1687 |
| 6:57 | Research | Tech 1688 |
| 7:21 | Create | Villager (Male) |
| 7:22 | Create | Villager (Male) |
| 7:54 | Create | Villager (Male) |
| 8:07 | Build | Blacksmith |
| 8:26 | Build | Farm |
| 8:42 | Create | Villager (Male) |
| 9:08 | Research | Castle Age |
| 9:59 | Build | Lumber Camp |
| 10:11 | Build | Lumber Camp |
| 10:14 | Age | Castle Age |
| 10:15 | Research | Hand Cart |
| 10:15 | Research | Hand Cart |
| 10:16 | Research | Tech 1715 |
| 10:16 | Research | Tech 1715 |
| 10:16 | Research | Tech 1716 |
| 10:17 | Research | Tech 1716 |
| 10:17 | Research | Tech 1716 |
| 10:19 | Create | Villager (Male) |
| 10:19 | Create | Villager (Male) |
| 10:23 | Research | Bow Saw |
| 10:24 | Research | Bow Saw |
| 10:24 | Research | Tech 1691 |
| 10:24 | Research | Tech 1691 |
| 10:43 | Create | Villager (Male) |
| 11:21 | Build | Town Center |
| 11:35 | Research | Tech 1692 |
| 11:36 | Research | Tech 1692 |
| 11:39 | Build | Town Center |
| 12:00 | Create | Villager (Male) |
| 12:00 | Create | Villager (Male) |
| 12:01 | Create | Villager (Male) |
| 12:23 | Research | Loom |
| 12:23 | Research | Loom |
| 12:23 | Research | Tech 1628 |
| 12:24 | Research | Tech 1628 |
| 12:24 | Research | Tech 1628 |
| 12:31 | Create | Villager (Male) |
| 12:31 | Create | Villager (Male) |
| 12:31 | Create | Villager (Male) |
| 12:31 | Create | Villager (Male) |
| 12:37 | Build | Siege Workshop |
| 12:44 | Build | Palisade Wall |
| 13:14 | Build | Palisade Wall |
Build order — Kalervo Jankko
First 150 of 176 actions detected
| 0:03 | Build | Mill |
| 0:04 | Build | House |
| 0:05 | Create | Villager (Male) ×4 |
| 0:32 | Build | Farm |
| 1:02 | Build | Farm |
| 1:25 | Build | Farm |
| 1:45 | Build | Mule Cart |
| 1:51 | Build | Farm |
| 1:54 | Create | Villager (Male) |
| 1:55 | Create | Villager (Male) |
| 2:07 | Create | Villager (Male) |
| 2:08 | Create | Villager (Male) |
| 2:24 | Build | Farm |
| 2:40 | Create | Villager (Male) |
| 2:40 | Create | Villager (Male) |
| 3:04 | Build | Farm |
| 3:14 | Create | Villager (Male) |
| 3:20 | Build | Farm |
| 3:28 | Build | Farm |
| 3:54 | Create | Villager (Male) |
| 4:24 | Research | Feudal Age |
| 4:24 | Research | Feudal Age |
| 5:05 | Create | Villager (Male) |
| 5:07 | Create | Villager (Male) |
| 5:16 | Age | Feudal Age |
| 5:18 | Build | Market |
| 5:22 | Create | Villager (Male) |
| 5:26 | Research | Double-Bit Axe |
| 5:27 | Research | Double-Bit Axe |
| 5:27 | Research | Tech 1687 |
| 6:26 | Build | Blacksmith |
| 6:31 | Create | Villager (Male) |
| 6:31 | Create | Villager (Male) |
| 6:33 | Research | Tech 1688 |
| 6:34 | Research | Tech 1688 |
| 6:35 | Research | Gold Mining |
| 6:35 | Research | Gold Mining |
| 6:36 | Research | Stone Mining |
| 6:36 | Research | Stone Mining |
| 6:37 | Research | Tech 1653 |
| 6:37 | Research | Tech 1723 |
| 6:37 | Research | Tech 1723 |
| 6:37 | Research | Tech 1724 |
| 6:38 | Research | Tech 1654 |
| 6:38 | Research | Tech 1654 |
| 6:46 | Research | Castle Age |
| 6:58 | Build | Farm |
| 7:00 | Build | Farm |
| 7:02 | Create | Villager (Male) |
| 7:02 | Create | Villager (Male) |
| 7:10 | Research | Town Watch |
| 7:11 | Research | Tech 1612 |
| 7:11 | Research | Wheelbarrow |
| 7:12 | Research | Tech 1613 |
| 7:13 | Research | Tech 1699 |
| 7:13 | Research | Tech 1699 |
| 7:13 | Research | Tech 1700 |
| 7:14 | Research | Loom |
| 7:15 | Research | Tech 1628 |
| 7:15 | Research | Tech 1628 |
| 7:16 | Research | Tech 1629 |
| 7:16 | Research | Tech 1629 |
| 7:18 | Create | Villager (Male) |
| 7:18 | Create | Villager (Male) |
| 7:18 | Create | Villager (Male) |
| 7:20 | Build | Farm |
| 7:25 | Build | Farm |
| 7:29 | Build | Farm |
| 7:31 | Research | Tech 1625 |
| 7:32 | Research | Tech 1625 |
| 7:32 | Research | Tech 1625 |
| 7:32 | Research | Tech 1624 |
| 7:33 | Research | Horse Collar |
| 8:12 | Age | Castle Age |
| 8:35 | Research | Bow Saw |
| 8:36 | Research | Tech 1691 |
| 8:36 | Research | Tech 1691 |
| 8:36 | Research | Tech 1691 |
| 8:36 | Research | Tech 1692 |
| 8:37 | Research | Tech 1692 |
| 8:42 | Build | Town Center |
| 8:56 | Create | Villager (Male) |
| 8:57 | Create | Villager (Male) |
| 8:59 | Build | Town Center |
| 9:14 | Build | Market |
| 9:41 | Research | Gold Shaft Mining |
| 9:41 | Research | Gold Shaft Mining |
| 9:42 | Research | Tech 1727 |
| 9:42 | Research | Tech 1677 |
| 9:42 | Research | Tech 1677 |
| 9:44 | Create | Villager (Male) ×5 |
| 10:11 | Build | University |
| 10:14 | Build | Monastery |
| 10:19 | Research | Hand Cart |
| 10:19 | Research | Hand Cart |
| 10:20 | Research | Tech 1715 |
| 10:20 | Research | Tech 1715 |
| 10:20 | Research | Tech 1716 |
| 10:20 | Research | Tech 1716 |
| 10:36 | Research | Imperial Age |
| 10:36 | Research | Imperial Age |
| 10:42 | Build | Market |
| 10:47 | Build | Blacksmith |
| 10:55 | Research | Sanctity |
| 10:55 | Research | Sanctity |
| 10:55 | Research | Tech 1711 |
| 10:56 | Research | Tech 1711 |
| 10:56 | Research | Tech 1712 |
| 11:27 | Research | Forging |
| 11:27 | Research | Forging |
| 11:27 | Research | Tech 1661 |
| 11:28 | Research | Tech 1661 |
| 11:28 | Research | Tech 1662 |
| 11:28 | Research | Scale Mail Armor |
| 11:29 | Research | Scale Barding Armor |
| 11:29 | Research | Tech 1871 |
| 11:29 | Research | Tech 1871 |
| 11:30 | Research | Tech 1872 |
| 11:30 | Research | Tech 1663 |
| 11:30 | Research | Padded Archer Armor |
| 11:31 | Research | Fletching |
| 11:31 | Research | Tech 1681 |
| 11:32 | Research | Tech 1664 |
| 11:32 | Research | Tech 1695 |
| 11:33 | Research | Tech 1682 |
| 11:34 | Research | Tech 1696 |
| 11:34 | Research | Tech 1696 |
| 11:44 | Research | Devotion |
| 11:44 | Research | Tech 1638 |
| 11:45 | Research | Tech 1639 |
| 11:45 | Research | Redemption |
| 11:46 | Research | Redemption |
| 11:46 | Research | Atonement |
| 11:46 | Research | Atonement |
| 11:47 | Research | Atonement |
| 11:47 | Research | Fervor |
| 11:47 | Research | Fervor |
| 11:48 | Research | Herbal Medicine |
| 11:48 | Research | Herbal Medicine |
| 11:49 | Research | Heresy |
| 11:49 | Research | Heresy |
| 11:50 | Research | Tech 1756 |
| 11:50 | Research | Tech 1757 |
| 11:58 | Age | Imperial Age |
| 12:03 | Research | Guilds |
| 12:12 | Create | Villager (Male) |
| 12:12 | Create | Villager (Male) ×5 |
| 12:12 | Create | Villager (Male) ×5 |
| 12:15 | Build | Barracks |
| 12:19 | Build | Siege Workshop |
Build order — moabishere
93 actions detected in the replay
| 0:04 | Create | Villager (Male) |
| 0:04 | Create | Villager (Male) |
| 0:05 | Create | Villager (Male) |
| 0:07 | Build | House |
| 0:10 | Build | Mill |
| 0:12 | Create | Villager (Male) |
| 0:12 | Create | Villager (Male) |
| 0:28 | Build | Farm |
| 1:11 | Build | Farm |
| 1:13 | Build | Farm |
| 1:26 | Build | Mule Cart |
| 1:46 | Build | Farm |
| 1:48 | Create | Villager (Male) |
| 2:10 | Create | Villager (Male) |
| 2:17 | Build | Farm |
| 2:21 | Create | Villager (Male) |
| 2:41 | Build | Farm |
| 2:52 | Create | Villager (Male) |
| 3:05 | Build | Farm |
| 3:23 | Create | Villager (Male) |
| 3:29 | Build | Farm |
| 3:50 | Create | Villager (Male) |
| 4:22 | Research | Feudal Age |
| 4:43 | Create | Villager (Male) |
| 4:44 | Create | Villager (Male) |
| 5:14 | Age | Feudal Age |
| 5:21 | Research | Double-Bit Axe |
| 5:21 | Research | Double-Bit Axe |
| 5:21 | Research | Tech 1687 |
| 5:22 | Research | Tech 1688 |
| 5:22 | Research | Tech 1688 |
| 5:48 | Build | Market |
| 6:03 | Create | Villager (Male) |
| 6:33 | Build | Blacksmith |
| 6:39 | Create | Villager (Male) |
| 7:14 | Research | Castle Age |
| 7:27 | Research | Wheelbarrow |
| 7:31 | Research | Tech 1625 |
| 7:56 | Build | Mule Cart |
| 8:10 | Research | Town Watch |
| 8:11 | Research | Tech 1612 |
| 8:11 | Research | Tech 1612 |
| 8:11 | Research | Tech 1613 |
| 8:18 | Age | Castle Age |
| 8:24 | Build | Town Center |
| 8:30 | Create | Villager (Male) |
| 8:30 | Create | Villager (Male) |
| 8:31 | Create | Villager (Male) |
| 8:43 | Research | Bow Saw |
| 8:43 | Research | Bow Saw |
| 8:53 | Build | Farm |
| 8:55 | Build | Farm |
| 8:56 | Create | Villager (Male) |
| 9:24 | Create | Villager (Male) |
| 9:26 | Create | Villager (Male) |
| 9:37 | Create | Villager (Male) |
| 9:41 | Create | Villager (Male) |
| 9:53 | Build | Farm |
| 9:56 | Build | Farm |
| 9:59 | Create | Villager (Male) |
| 10:00 | Create | Villager (Male) |
| 10:28 | Research | Fletching |
| 10:35 | Build | Farm |
| 10:40 | Create | Villager (Male) |
| 10:40 | Create | Villager (Male) |
| 10:42 | Create | Villager (Male) |
| 10:46 | Build | Mule Cart |
| 10:51 | Create | Villager (Male) |
| 10:52 | Create | Villager (Male) |
| 10:55 | Create | Villager (Male) |
| 10:56 | Create | Villager (Male) |
| 11:07 | Build | Siege Workshop |
| 11:17 | Create | Villager (Male) |
| 11:18 | Create | Villager (Male) |
| 11:25 | Research | Hand Cart |
| 11:27 | Research | Town Patrol |
| 11:30 | Create | Villager (Male) |
| 11:36 | Research | Tech 1691 |
| 11:36 | Research | Tech 1691 |
| 11:48 | Research | Tech 1692 |
| 11:57 | Create | Mangonel |
| 12:19 | Build | Monastery |
| 12:28 | Build | Mule Cart |
| 12:35 | Create | Mangonel |
| 12:38 | Create | Villager (Male) |
| 12:39 | Create | Villager (Male) |
| 12:39 | Create | Villager (Male) |
| 12:39 | Create | Villager (Male) |
| 13:10 | Create | Villager (Male) |
| 13:10 | Create | Villager (Male) |
| 13:10 | Create | Villager (Male) |
| 13:18 | Build | Farm |
| 13:22 | Build | Farm |
Build order — sppd3181
56 actions detected in the replay
| 0:13 | Create | Villager (Male) ×4 |
| 0:20 | Build | House |
| 0:23 | Build | Lumber Camp |
| 1:12 | Build | Mill |
| 2:04 | Build | Farm |
| 2:08 | Build | Farm |
| 2:09 | Build | Farm |
| 2:24 | Build | Farm |
| 2:27 | Build | Farm |
| 3:16 | Create | Villager (Male) |
| 3:17 | Create | Villager (Male) |
| 3:43 | Build | Farm |
| 3:45 | Build | Farm |
| 3:54 | Create | Villager (Male) |
| 4:35 | Create | Villager (Male) |
| 4:54 | Build | Farm |
| 4:56 | Create | Villager (Male) |
| 5:25 | Create | Villager (Male) |
| 5:26 | Create | Villager (Male) |
| 5:52 | Research | Feudal Age |
| 7:07 | Age | Feudal Age |
| 7:08 | Research | Town Watch |
| 7:10 | Research | Double-Bit Axe |
| 7:21 | Build | Market |
| 7:23 | Research | Tech 1612 |
| 7:25 | Research | Tech 1687 |
| 7:28 | Research | Tech 1613 |
| 7:30 | Research | Wheelbarrow |
| 7:30 | Research | Tech 1699 |
| 7:31 | Research | Tech 1700 |
| 7:31 | Research | Tech 1700 |
| 7:34 | Research | Tech 1688 |
| 8:07 | Create | Villager (Male) |
| 8:45 | Create | Villager (Male) |
| 8:59 | Create | Villager (Male) |
| 9:15 | Create | Villager (Male) |
| 9:35 | Create | Villager (Male) |
| 10:11 | Build | Farm |
| 10:17 | Create | Villager (Male) |
| 10:36 | Create | Villager (Male) |
| 10:52 | Build | Blacksmith |
| 11:01 | Build | Farm |
| 11:06 | Build | Mill |
| 11:16 | Create | Villager (Male) |
| 11:19 | Research | Castle Age |
| 11:33 | Build | Farm |
| 11:38 | Research | Tech 1625 |
| 11:47 | Create | Villager (Male) |
| 12:09 | Build | Farm |
| 12:17 | Build | Lumber Camp |
| 12:25 | Build | Lumber Camp |
| 12:29 | Create | Villager (Male) |
| 12:44 | Age | Castle Age |
| 12:50 | Create | Villager (Male) |
| 13:13 | Build | Town Center |
| 13:16 | Create | Villager (Male) |
Build order — cr717
93 actions detected in the replay
| 0:02 | Create | Villager (Male) |
| 0:02 | Create | Villager (Male) |
| 0:12 | Build | House |
| 0:13 | Build | Mill |
| 0:48 | Build | Farm |
| 0:53 | Create | Villager (Male) |
| 1:02 | Build | Farm |
| 1:19 | Create | Villager (Male) |
| 1:19 | Create | Villager (Male) |
| 1:34 | Build | Farm |
| 1:51 | Build | Farm |
| 1:52 | Create | Villager (Male) |
| 1:53 | Create | Villager (Male) |
| 2:14 | Create | Villager (Male) |
| 2:15 | Create | Villager (Male) |
| 2:15 | Create | Villager (Male) |
| 2:21 | Build | Farm |
| 2:25 | Create | Villager (Male) |
| 2:25 | Create | Villager (Male) |
| 2:42 | Create | Villager (Male) |
| 2:42 | Create | Villager (Male) |
| 2:53 | Build | Farm |
| 2:58 | Create | Villager (Male) |
| 3:08 | Build | Farm |
| 3:56 | Create | Villager (Male) |
| 4:14 | Build | Lumber Camp |
| 4:20 | Create | Villager (Male) |
| 4:41 | Research | Feudal Age |
| 4:54 | Build | Farm |
| 4:59 | Create | Villager (Male) |
| 5:12 | Build | Farm |
| 5:23 | Build | Farm |
| 5:29 | Build | Farm |
| 5:38 | Age | Feudal Age |
| 5:39 | Create | Villager (Male) |
| 5:44 | Research | Wheelbarrow |
| 5:44 | Research | Wheelbarrow |
| 5:45 | Research | Tech 1699 |
| 5:45 | Research | Tech 1699 |
| 5:45 | Research | Tech 1700 |
| 5:46 | Research | Tech 1700 |
| 5:46 | Research | Tech 1700 |
| 5:48 | Create | Villager (Male) |
| 5:53 | Research | Tech 1625 |
| 5:54 | Research | Tech 1625 |
| 5:54 | Research | Tech 1624 |
| 5:54 | Research | Tech 1624 |
| 5:54 | Research | Horse Collar |
| 5:55 | Research | Horse Collar |
| 6:03 | Research | Town Watch |
| 6:03 | Research | Town Watch |
| 6:08 | Build | Farm |
| 6:27 | Build | Market |
| 6:28 | Create | Villager (Male) |
| 6:35 | Build | Farm |
| 6:43 | Build | Blacksmith |
| 6:51 | Build | Farm |
| 6:59 | Create | Villager (Male) |
| 6:59 | Create | Villager (Male) |
| 7:20 | Create | Villager (Male) |
| 7:40 | Create | Villager (Male) |
| 7:41 | Research | Double-Bit Axe |
| 7:42 | Research | Double-Bit Axe |
| 7:43 | Research | Tech 1687 |
| 7:43 | Research | Tech 1687 |
| 7:58 | Research | Tech 1688 |
| 7:58 | Research | Tech 1688 |
| 8:04 | Research | Tech 1612 |
| 8:22 | Create | Villager (Male) |
| 8:29 | Research | Tech 1613 |
| 8:48 | Build | Farm |
| 8:57 | Build | Lumber Camp |
| 9:02 | Build | Farm |
| 9:03 | Create | Villager (Male) |
| 9:22 | Create | Villager (Male) |
| 9:34 | Create | Villager (Male) |
| 9:49 | Build | Farm |
| 10:13 | Create | Villager (Male) |
| 10:43 | Research | Castle Age |
| 10:53 | Build | Farm |
| 11:47 | Age | Castle Age |
| 11:56 | Create | Villager (Male) |
| 12:02 | Research | Hand Cart |
| 12:02 | Research | Hand Cart |
| 12:03 | Research | Hand Cart |
| 12:03 | Research | Tech 1715 |
| 12:03 | Research | Tech 1715 |
| 12:04 | Research | Tech 1716 |
| 12:04 | Research | Tech 1716 |
| 12:04 | Research | Tech 1716 |
| 12:42 | Create | Villager (Male) |
| 12:56 | Build | Lumber Camp |
| 13:09 | Build | Farm |
Build order — Lozzer
72 actions detected in the replay
| 0:11 | Build | Mill |
| 0:18 | Build | House |
| 0:22 | Create | Villager (Male) |
| 0:22 | Create | Villager (Male) |
| 0:23 | Create | Villager (Male) |
| 0:23 | Create | Villager (Male) |
| 0:23 | Create | Villager (Male) |
| 0:28 | Build | Farm |
| 1:51 | Build | Lumber Camp |
| 1:57 | Build | Farm |
| 2:16 | Build | Farm |
| 2:18 | Create | Villager (Male) |
| 2:43 | Build | Farm |
| 3:04 | Create | Villager (Male) |
| 3:04 | Create | Villager (Male) |
| 3:08 | Build | Farm |
| 3:12 | Build | Farm |
| 3:13 | Build | Farm |
| 3:44 | Build | Farm |
| 3:45 | Create | Villager (Male) |
| 3:45 | Create | Villager (Male) |
| 3:46 | Create | Villager (Male) |
| 4:37 | Build | Farm |
| 5:22 | Research | Feudal Age |
| 6:14 | Age | Feudal Age |
| 6:18 | Research | Town Watch |
| 6:18 | Research | Tech 1612 |
| 6:19 | Research | Tech 1613 |
| 6:21 | Research | Wheelbarrow |
| 6:21 | Research | Tech 1699 |
| 6:22 | Research | Tech 1700 |
| 6:27 | Create | Villager (Male) |
| 6:28 | Create | Villager (Male) |
| 6:31 | Research | Double-Bit Axe |
| 6:32 | Research | Tech 1687 |
| 6:42 | Research | Tech 1612 |
| 6:43 | Research | Tech 1613 |
| 7:06 | Create | Villager (Male) |
| 7:15 | Build | Market |
| 7:31 | Create | Villager (Male) |
| 7:32 | Create | Villager (Male) |
| 7:48 | Research | Tech 1688 |
| 8:19 | Create | Villager (Male) |
| 8:20 | Create | Villager (Male) |
| 8:22 | Create | Villager (Male) |
| 8:59 | Build | Lumber Camp |
| 9:22 | Build | Blacksmith |
| 9:35 | Create | Villager (Male) |
| 10:01 | Create | Villager (Male) |
| 10:27 | Create | Villager (Male) |
| 10:31 | Research | Castle Age |
| 11:36 | Age | Castle Age |
| 11:46 | Build | Town Center |
| 12:01 | Research | Hand Cart |
| 12:02 | Research | Tech 1715 |
| 12:02 | Research | Tech 1716 |
| 12:30 | Build | Lumber Camp |
| 12:44 | Build | Town Center |
| 12:49 | Create | Villager (Male) |
| 12:50 | Create | Villager (Male) |
| 12:50 | Create | Villager (Male) |
| 12:51 | Create | Villager (Male) |
| 12:52 | Research | Bow Saw |
| 12:52 | Research | Tech 1691 |
| 12:53 | Research | Tech 1692 |
| 12:56 | Create | Villager (Male) |
| 12:56 | Create | Villager (Male) |
| 12:57 | Create | Villager (Male) |
| 12:57 | Create | Villager (Male) |
| 13:24 | Create | Villager (Male) |
| 13:25 | Create | Villager (Male) |
| 13:26 | Create | Villager (Male) |
Match timeline
| 4:37 | OldManofStorr · age_up feudal |
| 5:14 | moabishere · age_up feudal |
| 5:16 | Kalervo Jankko · age_up feudal |
| 5:17 | OldManofStorr · first_market_sell 500 wood |
| 5:29 | OldManofStorr · first_market_buy 500 food |
| 5:29 | TheCobra · age_up feudal |
| 5:34 | Bryce Coolguy · age_up feudal |
| 5:38 | cr717 · age_up feudal |
| 5:46 | Kalervo Jankko · first_market_sell 500 food |
| 5:46 | Kalervo Jankko · first_market_buy 500 food |
| 6:04 | TheCobra · first_market_sell 500 stone |
| 6:05 | TheCobra · first_market_buy 500 food |
| 6:14 | Lozzer · age_up feudal |
| 6:19 | moabishere · first_market_sell 500 wood |
| 6:25 | Bryce Coolguy · first_market_sell 500 wood |
| 6:27 | Bryce Coolguy · first_market_buy 100 food |
| 6:44 | moabishere · first_market_buy 100 food |
| 6:51 | OldManofStorr · age_up castle |
| 6:53 | cr717 · first_market_sell 100 wood |
| 7:02 | OldManofStorr · first_building Siege Workshop |
| 7:07 | sppd3181 · age_up feudal |
| 7:08 | OldManofStorr · first_building Monastery |
| 7:45 | sppd3181 · first_market_sell 500 wood |
| 7:48 | TheCobra · age_up castle |
| 8:05 | TheCobra · first_building Siege Workshop |
| 8:12 | Kalervo Jankko · age_up castle |
| 8:13 | TheCobra · first_building Monastery |
| 8:18 | moabishere · age_up castle |
| 9:00 | OldManofStorr · age_up imperial |
| 9:51 | OldManofStorr · first_building Castle |
| 9:53 | TheCobra · age_up imperial |
| 10:09 | Lozzer · first_market_sell 100 wood |
| 10:14 | Bryce Coolguy · age_up castle |
| 10:14 | Kalervo Jankko · first_building Monastery |
| 11:02 | TheCobra · first_building Castle |
| 11:06 | Lozzer · first_market_buy 100 stone |
| 11:07 | moabishere · first_building Siege Workshop |
| 11:36 | Lozzer · age_up castle |
| 11:47 | cr717 · age_up castle |
| 11:58 | Kalervo Jankko · age_up imperial |
| 12:15 | Kalervo Jankko · first_building Barracks |
| 12:19 | Kalervo Jankko · first_building Siege Workshop |
| 12:19 | moabishere · first_building Monastery |
| 12:30 | cr717 · first_market_buy 100 stone |
| 12:31 | Kalervo Jankko · first_building Castle |
| 12:37 | Bryce Coolguy · first_building Siege Workshop |
| 12:44 | Bryce Coolguy · wall_segment Palisade Wall x12 |
| 12:44 | sppd3181 · age_up castle |
| 13:14 | Bryce Coolguy · wall_segment Palisade Wall x4 |
| 13:22 | TheCobra · first_building Barracks |
| 13:35 | cr717 · resign |
[ AI ANALYSIS · 1 CREDIT ]
What really happened in this match?
Wolo.gg analyzes every decision: build order, eco, micro, common mistakes by bracket. Personalized analysis on WhatsApp or Discord in 30 seconds.
Civ guide
Celts
Perfil
TheCobra